 Dungeon Crawl Stone Soup version 0.32-a0-900-g30fb1b0edc (webtiles) character file.

Game seed: 312916868741122128

1007 GiantSquids the Cleaver (level 8, -1/63 HPs)
             Began as a Mountain Dwarf Fighter on Apr 5, 2024.
             Was a Believer of Makhleb.
             Incinerated by a bombardier beetle (5 damage)
             ... with a burning spray
             ... on level 5 of the Dungeon.
             The game lasted 00:10:10 (4022 turns).

GiantSquids the Cleaver (Mountain Dwarf Fighter)    Turns: 4022, Time: 00:10:11

Health: -1/63      AC: 13    Str: 25    XL:     8   Next: 0%
Magic:  8/8        EV:  5    Int: 10    God:    Makhleb [**....]
Gold:   232        SH:  4    Dex:  9    Spells: 7/7 levels left

rFire   . . .        a - +0 war axe
rCold   . . .        c - +0 buckler
rNeg    . . .        t - +0 plate armour
rPois   .            (no helmet)
rElec   .            r - +0 cloak "Veus" {+Blink rCorr Str+5}
rCorr   +            (no gloves)
SInv    .            o - +0 pair of boots
Will    .....        (no amulet) Stlth
                     (no ring)
HPRegen 0.30/turn    (no ring)
MPRegen 0.11/turn

%: no passive effects
@: on fire, glowing, invisible (but backlit and visible)
A: runic magic, artefact enchanting
a: Renounce Religion, Evoke Blink, Minor Destruction


You were on level 5 of the Dungeon.
You worshipped Makhleb.
Makhleb was pleased with you.
You visited 1 branch of the dungeon, and saw 5 of its levels.
You also visited: Sewer.

You collected 232 gold pieces.

Inventory:

Hand Weapons
 a - a +0 war axe (weapon)
Missiles
 l - 67 stones (quivered)
 s - 4 javelins
Armour
 c - a +0 buckler (worn)
 o - a +0 pair of boots (worn)
 r - the +0 cloak "Veus" (worn) {+Blink rCorr Str+5}
   (You found it on level 3 of the Dungeon)

   Str+5:     It affects your strength (+5).
   +Blink:    It lets you blink.
   rCorr:     It protects you from acid and corrosion.
 t - a +0 plate armour (worn)
Wands
 D - a wand of mindburst (17)
Scrolls
 b - a scroll of amnesia
 e - a scroll of acquirement {unknown}
 i - 2 scrolls of enchant armour {unknown}
 k - 2 scrolls of enchant weapon {unknown}
 m - 2 scrolls of teleportation {unknown}
 p - 3 scrolls of fear
 u - 2 scrolls of blinking {unknown}
 y - a scroll of torment {unknown}
 A - a scroll of fog
 E - a scroll of revelation {unknown}
Potions
 d - 2 potions of might
 f - a potion of enlightenment {unknown}
 g - a potion of ambrosia {unknown}
 h - 4 potions of curing {unknown}
 n - a potion of cancellation {unknown}
 q - 2 potions of invisibility
 v - 2 potions of magic {unknown}
 w - a potion of attraction {unknown}
 x - a potion of berserk rage {unknown}
 z - 3 potions of mutation {unknown}
 B - 2 potions of heal wounds {unknown}
 C - 3 potions of haste {unknown}


   Skills:
 - Level 3.2 Fighting
 + Level 11.3 Axes
 - Level 3.2 Armour
 - Level 3.2 Shields


You had 7 spell levels left.
You didn't know any spells.
Your spell library was empty.

Dungeon Overview and Level Annotations

Branches:
Dungeon (5/15)              Sewer (visited)
 Temple: D:4-7

Altars:
Dithmenos
Gozag
Makhleb
Ru


Innate Abilities, Weirdness & Mutations

Your spellcasting is much less encumbered by armour.
You can use scrolls of enchantment on lesser artefacts.


Message History

The bombardier beetle is lightly wounded.
The liquid fire burns you!
The bombardier beetle sprays incendiary fluid at you.
The burning spray hits you.
You are even more covered in liquid fire!
You slash the bombardier beetle!
The bombardier beetle is almost dead.
The liquid fire burns you!
You closely miss the bombardier beetle.
The bombardier beetle is almost dead.
The liquid fire burns you! The bombardier beetle bites you.
You hit the bombardier beetle but do no damage.
The bombardier beetle is almost dead.
The liquid fire burns you!
You block the bombardier beetle's attack.
You hit the bombardier beetle but do no damage.
The bombardier beetle is almost dead.
The liquid fire burns you!
You slash the bombardier beetle!
You kill the bombardier beetle!
Makhleb accepts your kill.
You feel better. The liquid fire burns you!
* * * LOW HITPOINT WARNING * * *
You have reached level 8!
You feel clever.
You are on fire!
You shake off some of the fire as you move.
The liquid fire burns you!
* * * LOW HITPOINT WARNING * * *
The liquid fire burns you!
* * * LOW HITPOINT WARNING * * *
The liquid fire burns you!
* * * LOW HITPOINT WARNING * * *
You are on fire!
It was a potion of invisibility.
You become transparent, but the glow from your liquid flames prevents you from becoming completely invisible.
The liquid fire burns you!
You die...

......#....#
......#....#
......#....#####
##....#####....#####
.##### #..'....#...#
.......#..#....#...#
.......+..#....#...#
.......#+##....#...#
...............#@..#
.###+##....##'###'##
.# #....#.......+ .+
#....#.......# .#
#....#..###### .#
#....+..# #....#..#
#....#..+ #+##


There were no monsters in sight!

Vanquished Creatures
  Sigmund (D:2)
  Edmund (D:4)
  A centaur (D:5)
  2 bullfrogs (Sewer)
  A scorpion (D:5)
  A bombardier beetle (D:5)
  A hound (D:4)
  Jessica (D:3)
  Natasha (thrice) (D:3)
  4 gnolls
  15 adders
  3 river rats (Sewer)
  3 ribbon worms
  6 orcs
  10 ball pythons
  13 endoplasms
  4 giant cockroaches
  5 goblins
  6 hobgoblins
  3 jackals (D:1)
  4 kobolds
  4 quokkas
  5 bats
  8 frilled lizards
  20 rats
125 creatures vanquished.

Notes
Turn   | Place    | Note
-------+----------+-------------------------------------------
     0 | D:1      | GiantSquids the Mountain Dwarf Fighter began the quest for
                  | the Orb.
     0 | D:1      | Reached XP level 1. HP: 19/19 MP: 1/1
   136 | D:1      | Reached skill level 3 in Axes
   185 | D:1      | Reached XP level 2. HP: 19/26 MP: 2/2
   256 | D:1      | Reached skill level 4 in Axes
   521 | D:2      | Noticed Sigmund
   523 | D:2      | Reached XP level 3. HP: 31/31 MP: 3/3
   545 | D:2      | Killed Sigmund
   546 | D:2      | Reached skill level 6 in Axes
   546 | D:2      | Reached XP level 4. HP: 11/38 MP: 4/4
   546 | D:2      | Reached XP level 5. HP: 13/45 MP: 5/5
   616 | D:2      | Reached skill level 7 in Axes
  1065 | D:2      | Found a faded altar of an unknown god.
  1560 | D:3      | Noticed Natasha
  1564 | D:3      | Killed Natasha
  1565 | D:3      | Reached XP level 6. HP: 49/51 MP: 6/6
  1677 | D:3      | Noticed Natasha
  1691 | D:3      | Killed Natasha
  1692 | D:3      | Reached skill level 8 in Axes
  1820 | D:3      | Identified the +0 cloak "Veus" {+Blink rCorr Str+5}
  1844 | D:3      | Noticed Natasha
  1855 | D:3      | Killed Natasha
  1912 | D:3      | Noticed Jessica
  1921 | D:3      | Killed Jessica
  2542 | D:3      | Found a sacrificial altar of Ru.
  2542 | D:3      | Found a burning altar of Makhleb.
  2548 | D:3      | Became a worshipper of Makhleb the Destroyer
  2732 | D:4      | Found a shadowy altar of Dithmenos.
  2738 | D:4      | Found an opulent altar of Gozag.
  2772 | D:4      | Reached skill level 9 in Axes
  2834 | D:4      | Noticed Edmund
  2850 | D:4      | Killed Edmund
  2851 | D:4      | Reached XP level 7. HP: 21/57 MP: 7/7
  2927 | D:4      | Found a glowing drain.
  2944 | Sewer    | Entered a sewer
  3120 | Sewer    | Reached * piety under Makhleb
  3210 | Sewer    | Reached skill level 10 in Axes
  3760 | D:5      | Entered Level 5 of the Dungeon
  3790 | D:5      | Reached ** piety under Makhleb
  3791 | D:5      | Reached skill level 11 in Axes
  4019 | D:5      | Reached XP level 8. HP: 17/63 MP: 8/8
  4021 | D:5      | HP: 3/63 [burnt (5)]
  4022 | D:5      | Incinerated by a bombardier beetle

Illustrated notes

Levels and vault maps discovered:
D:1:      lordsloth_arrival_two_stooges, layout_rooms
D:2:      layout_loops_ring, hellmonk_ecumenical_altar_arch_garden, uniq_sigmund
D:3:      layout_basic, nicolae_overflow_two_pavilions, minmay_joined_circles,
          uniq_natasha, uniq_jessica
D:4:      layout_basic, grunt_temple_overflow_open, cheibrodos_sewer_entry_bend,
          serial_park_tiny_1, minmay_diced_spiral, uniq_edmund
D:5:      layout_gridville

Skill      XL: |  1  2  3  4  5  6  7 |
---------------+----------------------+-----
Axes           | 3 4 6 7 9 11 | 11.3
Fighting       | |  3.2
Armour         | |  3.2
Shields        | |  3.2

Action                     |  1- 3 |  4- 6 |  7- 9 || total
---------------------------+-------+-------+-------++-------
  Melee: War axe           |    64 |   211 |   130 ||   405
    Use: Scroll            |       |       |     3 ||     3
         Potion            |       |       |     1 ||     1
 Armour: Scale mail        |    49 |    93 |       ||   142
         Plate armour      |       |    62 |   137 ||   199
  Dodge: Dodged            |    30 |    95 |    32 ||   157
  Block: Buckler           |    17 |    37 |    25 ||    79

Table legend: (Time is in decaauts)
 A = Elapsed time spent in this place.
 B = Non-inter-level travel time spent in this place.
 C = Inter-level travel time spent in this place.
 D = Time resting spent in this place.
 E = Time spent auto-exploring this place.
 F = Levels seen in this place.
 G = Mean time per level.
                   A        B        C        D        E       F      G
               +--------+--------+--------+--------+--------+-----+--------+
         Total |   4119 |   4002 |    117 |    154 |   2734 |   6 |  686.5 |
       Dungeon |   3654 |   3537 |    117 |      3 |   2639 |   5 |  730.8 |
         Sewer |    464 |    464 |      0 |    151 |     95 |   1 |  464.0 |
               +--------+--------+--------+--------+--------+-----+--------+

Top non-repeatable levels by time:
     D:3: 1245 daAuts
     D:2: 1034 daAuts
     D:4: 600 daAuts
     D:1: 513 daAuts
   Sewer: 464 daAuts
     D:5: 261 daAuts
